 Dungeon Crawl Stone Soup version 0.27.1-16-g815e20cd7a (webtiles) character file.

Game seed: 13025484661850268486

2 Descartes the Grasshopper (level 1, 0/9 HPs)
             Began as a Felid Warper on Nov 23, 2021.
             Frozen to death by an endoplasm (5 damage)
             ... on level 1 of the Dungeon.
             The game lasted 00:00:16 (60 turns).

Descartes the Grasshopper (Felid Warper)              Turns: 60, Time: 00:00:17

Health: 0/9        AC:  1    Str:  7    XL:     1   Next: 25%
Magic:  4/4        EV: 17    Int: 14    God:
Gold:   0          SH:  0    Dex: 15    Spells: 4/4 levels left
                                        Lives:  0   Deaths: 0

rFire    . . .     SeeInvis +     - Unarmed
rCold    . . .     Faith    .   (shield unavailable)
rNeg     . . .     Spirit   .   (armour unavailable)
rPois    .         Reflect  .   (helmet unavailable)
rElec    .         Harm     .   (cloak unavailable)
rCorr    .         Rampage  .   (gloves unavailable)
Will     .....                  (boots unavailable)
Stlth    +.........             (no amulet)
HPRegen  0.03/turn              (no ring)
MPRegen  0.09/turn              (no ring)

@: quick
A: very small, claws 1, fangs 3, see invisible, speed 1, shaggy fur 1, stealthy
paws, no weapons or thrown items, no armour, multi-lived
a: no special abilities


You were on level 1 of the Dungeon.
You visited 1 branch of the dungeon, and saw 1 of its levels.

Inventory:

Scrolls
 a - a scroll of blinking
 b - a scroll of fog {unknown}
 c - a scroll of amnesia {unknown}
 d - a scroll of identify {unknown}


   Skills:
 - Level 2.0 Fighting
 + Level 3.2 Dodging
 + Level 2.0 Unarmed Combat
 - Level 2.0 Spellcasting
 * Level 4.5 Translocations


You had 4 spell levels left.
You didn't know any spells.
Your spell library contained the following spells:

 Spells                   Type           Power      Damage    Failure   Level
 Blink                    Tloc           N/A        N/A       5%          2
 Gell's Gravitas          Tloc           7%         N/A       11%         3
 Lesser Beckoning         Tloc           7%         N/A       11%         3
 Teleport Other           Tloc           14%        N/A       11%         3
 Manifold Assault         Tloc           14%        N/A       71%         5


Dungeon Overview and Level Annotations

Branches:
Dungeon (1/15)

Altars:


Innate Abilities, Weirdness & Mutations

You have sharp claws.
You have razor-sharp teeth.
You have supernaturally acute eyesight. (SInv)
You cover ground quickly. (Speed+)
You are covered in fur. (AC +1)
Your paws help you pounce on unaware monsters.
You are incapable of wielding weapons or throwing items.
You cannot wear armour.
You gain extra lives every three experience levels.


Message History

There is an open door here.
Found a scroll labelled YROSSIO HYSECW.
No target in view!
b - a scroll labelled SIB OCLAOTSUGH
c - a scroll labelled YROSSIO HYSECW
There is an open door here.
You open the door.
There is an open door here.
Found a pair of boots.
There is an open door here.
You open the door.
Found a stone staircase leading down.
There is an open door here.
d - a scroll labelled ZEMURE DOCLIW
There is a fountain of clear blue water here.
There is a stone staircase leading down here.
There is a fountain of clear blue water here.
A kobold comes into view. It is wielding a +0 short sword.
The kobold shouts!
An endoplasm comes into view.
A goblin comes into view. It is wielding a +0 dagger.
The endoplasm quivers.
The kobold throws a stone.
The stone hits you.
Found a dagger.
The kobold misses you.
The goblin shouts!
You scratch the kobold.
You kill the kobold!
The endoplasm closely misses you.
You completely miss the endoplasm. The endoplasm freezes you.
You are frozen.
You closely miss the goblin. You bite the goblin.
You kill the goblin!
The endoplasm closely misses you.
You scratch the endoplasm.
The endoplasm is moderately wounded.
The endoplasm freezes you.
You are frozen.
Ouch! That really hurt!
You die...

...).. ###......
#........
#........
##.......#
......# #)J..#
#@# ####.####
####.......####
##.............#
#...............
........⌠.......
.......⌠>⌠......
........⌠.......
................


You could see an endoplasm.

Vanquished Creatures
  A goblin (D:1)
  A kobold (D:1)
2 creatures vanquished.

Notes
Turn   | Place    | Note
-------+----------+-------------------------------------------
     0 | D:1      | Descartes the Felid Warper began the quest for the Orb.
     0 | D:1      | Reached XP level 1. HP: 9/9 MP: 4/4
    60 | D:1      | Frozen to death by an endoplasm

Illustrated notes

Levels and vault maps discovered:
D:1:      dpeg_arrival_three_bigger_balls, layout_rooms,
          shapermc_ecumenical_altar_gd

Action                   || total
-------------------------++-------
Melee: Unarmed           ||     4
       Bite              ||     1
Dodge: Dodged            ||     3
